 Dungeon Crawl Stone Soup version 0.24-a0-524-gf43b32f898 (webtiles) character file.

Game seed: 4060741829374634069

15260 Froggeryz the Severer (level 11, -3/145 HPs)
             Began as a Minotaur Berserker on July 30, 2019.
             Was a High Priest of Trog.
             Slain by an orc
             ... wielding a +0 trident
             ... led by an orc knight
              (5 damage)
             ... on level 11 of the Dungeon on July 31, 2019.
             The game lasted 00:20:28 (11866 turns).

Froggeryz the Severer (Minotaur Berserker)         Turns: 11866, Time: 00:20:29

Health: -3/145     AC: 10    Str: 27    XL:     11   Next: 99%
Magic:  10/10      EV: 12    Int:  4    God:    Trog [*****.]
Gold:   733        SH:  0    Dex: 13    Spells: 10/10 levels left

rFire    + . .     SeeInvis +   P - +5 battleaxe (elec)
rCold    . . .     Gourm    +   (shield currently unavailable)
rNeg     . . .     Faith    .   b - +2 leather armour {rF+}
rPois    .         Spirit   .   (helmet restricted)
rElec    .         Reflect  .   L - +0 cloak
rCorr    .         Harm     .   E - +0 pair of gloves
MR       +++..                  I - +0 pair of boots
Stlth    ..........             y - amulet of the gourmand
HPRegen  1.34/turn              H - ring of see invisible
MPRegen  0.12/turn              s - ring of protection from magic

@: berserking, lethally poisoned (-3 -> -5), marked, regenerating, very quick
A: retaliatory headbutt, horns 2
a: Berserk, Trog's Hand, Brothers in Arms, Renounce Religion


You were on level 11 of the Dungeon.
You worshipped Trog.
Trog was extremely pleased with you.
You were very full.

You visited 1 branch of the dungeon, and saw 11 of its levels.
You also visited: Ossuary.

You collected 828 gold pieces.
You spent 95 gold pieces at shops.

Inventory:

Hand Weapons
 O - a +2 antimagic executioner's axe
 P - a +5 battleaxe of electrocution (weapon)
Missiles
 n - 84 poisoned darts
 v - 11 javelins (quivered)
Armour
 b - a +2 leather armour of fire resistance (worn)
 w - a +1 robe of cold resistance
 E - a +0 pair of gloves (worn)
 G - a +1 chain mail of fire resistance
 I - a +0 pair of boots (worn)
 L - a +0 cloak (worn)
Jewellery
 s - a ring of protection from magic (right hand)
 y - an amulet of the gourmand (around neck)
 D - an uncursed ring of positive energy
 H - a ring of see invisible (left hand)
Wands
 g - a wand of clouds (7)
 l - a wand of polymorph (9)
 p - a wand of paralysis (7)
 C - a wand of iceblast (15)
Scrolls
 e - 2 scrolls of enchant armour
 j - a scroll of noise {unknown}
 o - 6 scrolls of remove curse {unknown}
 q - 3 scrolls of magic mapping {unknown}
 r - 2 scrolls of random uselessness {unknown}
 t - 3 scrolls of amnesia {unknown}
 u - 2 scrolls of blinking
 B - 4 scrolls of enchant weapon
 J - a scroll of brand weapon {unknown}
 M - a scroll of fog {unknown}
Potions
 h - a potion of cancellation
 m - 2 potions of heal wounds
 x - a potion of might {unknown}
 A - 3 potions of curing
 F - 2 potions of lignification
 K - 3 potions of flight
 N - a potion of resistance
Comestibles
 a - 3 chunks of flesh
 c - 21 rations


   Skills:
 - Level 9.0 Fighting
 * Level 18.2 Axes
 - Level 10.2 Armour
 - Level 2.1 Dodging


You had 10 spell levels left.
You didn't know any spells.
Your spell library was empty.

Dungeon Overview and Level Annotations

Branches:
Dungeon (11/15)            Temple (0/1) D:4            Lair (0/6) D:11
    Orc: D:9-12

Altars:
Ashenzari
Elyvilon
Okawaru
Qazlal
Trog
Uskayaw
Wu Jian
Xom
Yredelemnul

Shops:
D:5 [


Innate Abilities, Weirdness & Mutations

You reflexively headbutt those who attack you in melee.
You have a pair of horns on your head.


Message History

You slice the white ugly thing!!
Lightning courses through the white ugly thing!
You feel the power of Trog in you as your rage grows.
You kill the white ugly thing!
Trog accepts your kill.
You slash the troll!
* * * LOW HITPOINT WARNING * * *
You feel sick.
Unknown command.
You are too berserk!
You slice the troll!! Lightning courses through the troll!
You kill the troll!
Trog accepts your kill.
* * * LOW HITPOINT WARNING * * *
You feel sick.
An ogre comes into view. It is wielding a +0 giant club.
The orc knight roars a battlecry!
The orcs go into a battle-frenzy!
The orc hits you from afar with a +0 trident.
You die...

##HDo.........#.......##...†.....
.Zuo..........#.......##.........
####.#####....#.>.....##.......#.
......o..#..u.#.......O........#.
.#.#.#.#u#.o..#................#.
########.#....#......###.......#
.#.#.#.#Z#o...#......# #.......#
....)...)u....#..†#..# #.......#
.#.#.#.#.#....#.@.#..# #.......#
.#########....#Zh.#..# #.......#
.# #....#.o.#..# #.......# ..
#....o.o....# ## #####S#####.#
#o# ... #.#


You could see an orc knight, an orc warrior, an ogre, a hound, an adder, 2 orcs
and a howler monkey skeleton.

Vanquished Creatures
  A centaur warrior (D:11)
  2 two-headed ogres (D:11)
  Pikel (D:5)
  3 ugly things (D:11)
  A deep elf mage (D:11)
  A manticore (D:11)
  A centaur zombie (D:11)
  3 gargoyles
  A centaur skeleton (D:11)
  A tengu conjurer (D:11)
  A troll (D:11)
  Prince Ribbit (D:6)
  Grinder (D:3)
  A spriggan (D:9)
  A wraith (D:11)
  4 yaks
  Grum (D:9)
  A vampire mosquito (D:11)
  2 water moccasins
  Edmund (D:5)
  Duvessa (D:6)
  2 black bears
  4 ice beasts
  7 orc warriors
  4 slaves (D:5)
  6 sky beasts
  3 phantoms
  An eye of draining (D:9)
  2 wolves (D:9)
  9 ogres
  5 centaurs
  6 bullfrogs
  5 scorpions
  Dowan (D:6)
  6 killer bees
  3 wights (D:9)
  8 howler monkeys
  6 crimson imps
  3 bullfrog zombies (D:11)
  3 jellies
  3 quasits
  10 hounds
  10 orc priests
  2 bullfrog skeletons
  Ijyb (D:5)
  3 iguanas
  11 worker ants
  7 orc wizards
  A killer bee zombie (D:7)
  4 big kobold zombies (Ossuary)
  2 hound zombies (D:6)
  2 mummies (Ossuary)
  A worker ant zombie (D:11)
  3 gnolls (D:8)
  17 adders
  3 shadow imps (D:7)
  3 oozes
  2 adder skeletons
  3 worms
  2 dart slugs
  10 leopard geckos
  44 orcs
  4 bats
  4 giant cockroaches
  9 goblins
  9 hobgoblins
  5 jackals
  2 quokkas (D:2)
  6 ball pythons (D:4)
  7 frilled lizards
  A goblin zombie (Ossuary)
  4 hobgoblin zombies (Ossuary)
  2 jackal skeletons
  10 kobolds
  A leopard gecko skeleton (D:6)
  5 orc zombies (Ossuary)
  A quokka skeleton (D:9)
  2 quokka zombies
  10 rats
340 creatures vanquished.

Vanquished Creatures (others)
  A bullfrog (D:7)
  4 toadstools (D:1)
5 creatures vanquished.

Grand Total: 345 creatures vanquished

Notes
Turn   | Place    | Note
-------+----------+-------------------------------------------
     0 | D:1      | Froggeryz the Minotaur Berserker began the quest for the
                  | Orb.
     0 | D:1      | Reached XP level 1. HP: 19/19 MP: 0/0
    14 | D:1      | Reached skill level 4 in Axes
    59 | D:1      | Reached XP level 2. HP: 26/27 MP: 1/1
   546 | D:1      | Reached XP level 3. HP: 28/33 MP: 2/2
   682 | D:1      | Reached ** piety under Trog
   840 | D:2      | Reached skill level 5 in Axes
   884 | D:2      | Found a faded altar of an unknown god.
  1023 | D:2      | Reached XP level 4. HP: 28/41 MP: 3/3
  1124 | D:2      | Found a stormy altar of Qazlal.
  1254 | D:2      | Noticed a moth of wrath
  1257 | D:2      | Found a bloodstained altar of Trog.
  1267 | D:2      | Reached *** piety under Trog
  1385 | D:3      | Found an ornate altar of the Wu Jian Council.
  1397 | D:3      | Reached skill level 6 in Axes
  1399 | D:3      | Reached skill level 5 in Fighting
  1399 | D:3      | Reached XP level 5. HP: 48/48 MP: 4/4
  1478 | D:3      | Noticed Grinder
  1500 | D:3      | Killed Grinder
  1500 | D:3      | Reached skill level 7 in Axes
  1500 | D:3      | Reached XP level 6. HP: 27/57 MP: 5/5
  2246 | D:4      | Reached skill level 8 in Axes
  2577 | D:4      | Reached XP level 7. HP: 63/63 MP: 6/6
  2691 | D:4      | Found a staircase to the Ecumenical Temple.
  3132 | D:4      | Reached **** piety under Trog
  3151 | D:4      | Reached skill level 9 in Axes
  3453 | D:5      | Entered Level 5 of the Dungeon
  3471 | D:5      | Noticed Edmund
  3481 | D:5      | Killed Edmund
  3763 | D:5      | Reached XP level 8. HP: 46/73 MP: 7/7
  3884 | D:5      | Reached skill level 10 in Axes
  4110 | D:5      | Found Dyaluan's Antique Armour Shop.
  4110 | D:5      | Noticed Ijyb
  4111 | D:5      | Noticed Pikel
  4204 | D:5      | Killed Ijyb
  4437 | D:5      | Found a white marble altar of Elyvilon.
  4466 | D:5      | Bought a runed leather armour for 95 gold pieces
  4505 | D:5      | Killed Pikel
  4505 | D:5      | Reached skill level 11 in Axes
  5314 | D:6      | Noticed Prince Ribbit
  5322 | D:6      | Killed Prince Ribbit
  5322 | D:6      | Reached XP level 9. HP: 83/83 MP: 8/8
  5338 | D:6      | Reached skill level 12 in Axes
  5643 | D:6      | Noticed Dowan
  5644 | D:6      | Noticed Duvessa
  5653 | D:6      | Killed Dowan
  5657 | D:6      | Killed Duvessa
  5887 | D:7      | Found a sand-covered staircase.
  5902 | Ossuary  | Entered an ossuary
  6388 | D:7      | Found a hide-covered altar of Uskayaw.
  6462 | D:7      | Reached skill level 13 in Axes
  6463 | D:7      | Upgraded the game from 0.24-a0-521-g122614bf49 to
                  | 0.24-a0-524-gf43b32f898
  6633 | D:7      | Reached ***** piety under Trog
  6702 | D:7      | Reached skill level 5 in Armour
  7089 | D:8      | Found a shattered altar of Ashenzari.
  7215 | D:8      | Reached XP level 10. HP: 46/91 MP: 9/9
  7218 | D:8      | Reached skill level 14 in Axes
  7829 | D:8      | Found a basalt altar of Yredelemnul.
  7832 | D:8      | Found an iron altar of Okawaru.
  7835 | D:8      | Found a white marble altar of Elyvilon.
  7979 | D:9      | Noticed Grum
  7987 | D:9      | Killed Grum
  7987 | D:9      | Received a gift from Trog
  8944 | D:9      | Noticed a gargoyle
  8958 | D:9      | Killed a gargoyle
  8958 | D:9      | Reached skill level 15 in Axes
  9151 | D:9      | Found a shimmering altar of Xom.
  9348 | D:10     | Entered Level 10 of the Dungeon
  9929 | D:10     | Received a gift from Trog
 10215 | D:11     | Noticed a cyan ugly thing
 10216 | D:11     | Noticed a two-headed ogre
 10222 | D:11     | Killed a cyan ugly thing
 10222 | D:11     | Reached XP level 11. HP: 97/97 MP: 10/10
 10224 | D:11     | Reached skill level 16 in Axes
 10226 | D:11     | Killed a two-headed ogre
 10231 | D:11     | Noticed a centaur warrior
 10238 | D:11     | Noticed a two-headed ogre
 10241 | D:11     | Killed a centaur warrior
 10251 | D:11     | Killed a two-headed ogre
 10512 | D:11     | Found a staircase to the Lair.
 10538 | D:11     | Noticed a deep elf mage
 10833 | D:11     | Reached skill level 10 in Armour
 10841 | D:11     | Killed a deep elf mage
 10841 | D:11     | Reached skill level 17 in Axes
 10912 | D:11     | Noticed a six-headed hydra
 10914 | D:11     | Noticed a green ugly thing
 10955 | D:11     | Noticed an orc knight
 11855 | D:11     | Noticed a white ugly thing
 11864 | D:11     | HP: 4/145 [troll (13)]
 11865 | D:11     | Killed a green ugly thing
 11865 | D:11     | Reached skill level 18 in Axes
 11865 | D:11     | Killed a white ugly thing
 11866 | D:11     | Slain by an orc

Levels and vault maps discovered:
D:1:      ldierk_walled_garden_2, layout_basic, grunt_decor_arrowhead,
          minmay_statues_item, minmay_small_reverse_x
D:2:      layout_rooms, nicolae_qazlal_eye_of_the_storm, tgw_trog,
          chequers_ecumenical_altar_simple, first_ration
D:3:      layout_loops_ring, lemuel_crystal_altar, uniq_grinder
D:4:      layout_basic, temple_statues, minmay_stone_trees_small,
          minmay_snake_closets
D:5:      layout_basic, basic_altar, serial_shops, nicolae_shop_statue_plus,
          uniq_edmund, uniq_pikel, uniq_ijyb
D:6:      layout_cave_pods, uniq_prince_ribbit1, uniq_duvessa
D:7:      layout_gridville, kennysheep_little_box, nicolae_ossuary_entry_ruins,
          minmay_fractal_squares_5
D:8:      layout_gridville, ashenzari_altar_1, grunt_temple_overflow_diamond
D:9:      layout_roguey, marbit_many_paths, the_bakery, uniq_grum
D:10:     layout_rooms
D:11:     minmay_the_grid_net [minmay_the_grid_armoury, minmay_the_grid_slots,
          minmay_the_grid_tiny_cups, minmay_the_grid_minigrid_small,
          minmay_the_grid_spin_star, minmay_the_grid_prize_big_room],
          layout_long_grid, lair_entry_dummy

Skill      XL: |  1  2  3  4  5  6  7  8  9 10 11 |
---------------+----------------------------------+-----
Axes           | 4 5 6 7 8 9 11 13 15 18 | 18.2
Fighting       | 4 5 6 7 9 |  9.0
Armour         | 6 8 10 | 10.2
Dodging        | |  2.1

Action                   |  1- 3 |  4- 6 |  7- 9 | 10-12 || total
-------------------------+-------+-------+-------+-------++-------
Melee: Hand axe          |    72 |    93 |   331 |   276 ||   772
       Headbutt          |    16 |    22 |    69 |    85 ||   192
       Battleaxe         |       |       |       |   137 ||   137
Throw: Dart              |       |       |       |     3 ||     3
       Javelin           |       |       |       |     2 ||     2
Invok: Berserk           |       |     3 |     7 |     6 ||    16
       Trog's Hand       |       |     1 |     3 |     2 ||     6
Evoke: Wand              |       |     1 |     5 |     2 ||     8
  Use: Scroll            |       |       |     1 |    19 ||    20
       Potion            |       |       |       |     2 ||     2
 Stab: Sleeping          |     1 |     5 |    11 |       ||    17
       Paralysed         |       |     4 |     9 |       ||    13
       Distracted        |       |       |     3 |       ||     3
       Confused          |       |       |       |     1 ||     1
  Eat: Chunk             |       |     8 |    36 |    23 ||    67
Armor: Animal skin       |    12 |     4 |       |       ||    16
       Robe              |       |       |    10 |       ||    10
       Leather armour    |       |       |    52 |   109 ||   161
Dodge: Dodged            |    53 |    45 |   160 |   172 ||   430

Table legend:
 A = Non-vault XP
 B = Vault XP
 C = Vault XP percentage of total XP
 D = Non-vault monster count
 E = Vault monster count
 F = Vault count percentage of total count
                 A         B        C        D         E       F
            +---------+---------+-------+---------+---------+-------
      Total |   12954 |    8847 |  40.6 |     255 |      82 |  24.3
            +---------+---------+-------+---------+---------+-------
        D:1 |      54 |       6 |  10.0 |      25 |       4 |  13.8
        D:2 |      83 |       9 |   9.8 |      25 |       5 |  16.7
        D:3 |     161 |     281 |  63.6 |      22 |       1 |   4.3
        D:4 |     396 |      75 |  15.9 |      17 |      11 |  39.3
        D:5 |     491 |     848 |  63.3 |      14 |       3 |  17.6
        D:6 |     388 |     492 |  55.9 |      16 |       3 |  15.8
        D:7 |    1110 |     316 |  22.2 |      23 |       6 |  20.7
        D:8 |     908 |       0 |   0.0 |      14 |       0 |   0.0
        D:9 |    2309 |     643 |  21.8 |      40 |       5 |  11.1
       D:10 |    1973 |       0 |   0.0 |      28 |       0 |   0.0
       D:11 |    5081 |    6025 |  54.2 |      31 |      28 |  47.5
    Ossuary |       0 |     152 | 100.0 |       0 |      16 | 100.0
            +---------+---------+-------+---------+---------+-------
